 Dungeon Crawl Stone Soup version 0.24.0-13-gcf9b319 (webtiles) character file.

Game seed: 14965934791445382348, levelgen mode: deterministic

639 maximus2987 the Slinger (level 7, -5/46 HPs)
             Began as a Halfling Hunter on Jan 21, 2020.
             Slain by a gnoll
             ... wielding a +0 whip
              (6 damage)
             ... on level 4 of the Dungeon.
             The game lasted 00:25:35 (3865 turns).

maximus2987 the Slinger (Halfling Hunter)           Turns: 3865, Time: 00:25:36

Health: -5/46      AC:  3    Str: 13    XL:     7   Next: 80%
Magic:  7/7        EV: 16    Int:  9    God:
Gold:   192        SH:  0    Dex: 17    Spells: 6/6 levels left

rFire    . . .     SeeInvis +   b - +0 short sword
rCold    . . .     Gourm    .   (shield restricted)
rNeg     . . .     Faith    .   c - +0 leather armour
rPois    .         Spirit   .   (no helmet)
rElec    .         Reflect  .   (no cloak)
rCorr    .         Harm     .   (no gloves)
MR       .....                  (no boots)
Stlth    ++........             (no amulet)
HPRegen  0.15/turn              u - ring of see invisible
MPRegen  0.10/turn              s - ring of wizardry

@: no status effects
A: small, mutation resistance 1
a: no special abilities


You were on level 4 of the Dungeon.
You were not hungry.

You visited 1 branch of the dungeon, and saw 4 of its levels.

You collected 192 gold pieces.

Inventory:

Hand Weapons
 a - a +2 hunting sling
 b - a +0 short sword (weapon)
 o - a -2 spear
Missiles
 d - 24 sling bullets
 r - 70 stones (quivered)
Armour
 c - a +0 leather armour (worn)
Jewellery
 s - a ring of wizardry (right hand)
 u - a ring of see invisible (left hand)
Wands
 l - a wand of flame (20)
Scrolls
 g - a scroll of enchant weapon
 h - 2 scrolls of teleportation
 i - a scroll of fear {unknown}
 j - a scroll of random uselessness {unknown}
 k - a scroll of magic mapping {unknown}
 p - 4 scrolls of identify {unknown}
Potions
 e - a potion of flight {unknown}
 m - a potion of might {unknown}
 n - a potion of heal wounds {unknown}
 q - a potion of invisibility {unknown}
 t - 2 potions of lignification {unknown}
Comestibles
 f - 8 rations
 v - 7 chunks of flesh


   Skills:
 + Level 3.2 Fighting
 + Level 3.2 Short Blades
 + Level 9.6 Slings
 + Level 0.1(4.1) Throwing
 + Level 2.5 Armour
 + Level 3.6 Dodging
 + Level 1.1 Stealth


You had 6 spell levels left.
You didn't know any spells.
Your spell library was empty.

Dungeon Overview and Level Annotations

Branches:
Dungeon (4/15)
 Temple: D:4-7

Altars:
Elyvilon
Kikubaaqudgha
Qazlal
Trog
Vehumet


Innate Abilities, Weirdness & Mutations

You are small and have problems with some larger weapons.
You are somewhat resistant to further mutation.


Message History

The gnoll completely misses you. The gnoll barely misses you.
You hit the gnoll.
The gnoll is almost dead.
The gnoll misses you. The gnoll barely misses you.
The gnoll hits you with a +0 club.
* * * LOW HITPOINT WARNING * * *
The gnoll completely misses you.
You hit the gnoll.
The gnoll is almost dead.
The gnoll hits you with a +0 whip.
* * * LOW HITPOINT WARNING * * *
The gnoll hits you from afar with a +0 halberd.
* * * LOW HITPOINT WARNING * * *
The gnoll barely misses you.
You hit the gnoll but do no damage.
The gnoll is almost dead.
The gnoll hits you from afar with a +0 spear.
* * * LOW HITPOINT WARNING * * *
The gnoll hits you with a +0 whip.
You die...

#......#
##...#####
##(.((..^.#
##...(.....#
..#..........#.#
.((..........#.#
.........gg..#.#
.......###g###.#
....).. #@g##.#
.......
###'##.###
#######
#........#
#........#
#........#
#........#
#........#
#####..### #..#


You could see 4 gnolls.

Vanquished Creatures
  Sigmund (D:3)
  2 vampire bats (D:3)
  2 orc wizards (D:4)
  Terence (D:3)
  Robin (D:2)
  10 gnolls
  9 adders
  2 oozes (D:2)
  2 worms (D:2)
  6 dart slugs
  2 leopard geckos (D:2)
  5 orcs
  2 bat skeletons (D:3)
  3 bat zombies (D:3)
  5 giant cockroaches
  13 goblins
  9 hobgoblins
  7 jackals
  A kobold (D:1)
  5 quokkas
  5 bats
  8 frilled lizards
  15 rats
116 creatures vanquished.

Notes
Turn   | Place    | Note
-------+----------+-------------------------------------------
     0 | D:1      | maximus2987 the Halfling Hunter began the quest for the
                  | Orb.
     0 | D:1      | Reached XP level 1. HP: 14/14 MP: 1/1
    10 | D:1      | Reached skill level 6 in Slings
   217 | D:1      | Reached XP level 2. HP: 13/19 MP: 2/2
   549 | D:1      | Reached XP level 3. HP: 22/24 MP: 3/3
   852 | D:2      | Reached skill level 7 in Slings
   972 | D:2      | Reached XP level 4. HP: 29/29 MP: 4/4
  1183 | D:2      | Reached skill level 8 in Slings
  1183 | D:2      | Reached XP level 5. HP: 35/35 MP: 5/5
  1282 | D:2      | Noticed Robin
  1314 | D:2      | Killed Robin
  1897 | D:3      | Noticed Sigmund
  1942 | D:3      | Killed Sigmund
  1942 | D:3      | Reached skill level 1 in Armour
  1942 | D:3      | Reached XP level 6. HP: 19/41 MP: 6/6
  2184 | D:3      | Noticed Terence
  2198 | D:3      | Killed Terence
  2296 | D:3      | Found an ancient bone altar of Kikubaaqudgha.
  2301 | D:3      | Reached XP level 7. HP: 44/45 MP: 7/7
  2403 | D:3      | Found a bloodstained altar of Trog.
  2415 | D:3      | Found a white marble altar of Elyvilon.
  2480 | D:3      | Found a glowing drain.
  2496 | D:3      | Reached skill level 9 in Slings
  3420 | D:4      | Found a stormy altar of Qazlal.
  3483 | D:4      | Found a radiant altar of Vehumet.
  3865 | D:4      | HP: 1/46 [gnoll/+0 spear (5)]
  3865 | D:4      | Slain by a gnoll

Levels and vault maps discovered:
D:1:      wander_arrival_lonely_grave, layout_loops_ring, minmay_misc_feat_chi,
          minmay_rat_gold_closets
D:2:      layout_rooms, first_ration, minmay_lizard_king, uniq_robin
D:3:      layout_basic, kennysheep_vampire_church, lemuel_crystal_altar,
          nicolae_overflow_hidden_temple, gup_sewer_entry_glass,
          grunt_ministairs_15, uniq_terence, uniq_sigmund
D:4:      layout_basic, marbit_many_paths, kennysheep_mini_moat,
          minmay_temple_entry_waves, uniq_pikel

Skill      XL: |  1  2  3  4  5  6  7 |
---------------+----------------------+-----
Slings         | 6 7 8 9 |  9.6
Fighting       | 2 3 |  3.2
Short Blades   | 2 3 |  3.2
Armour         | 1 2 |  2.5
Dodging        | 3 |  3.6
Throwing       | |  0.1
Stealth        | |  1.1

Action                   |  1- 3 |  4- 6 |  7- 9 || total
-------------------------+-------+-------+-------++-------
Melee: Short sword       |       |    59 |    41 ||   100
       Spear             |       |    17 |       ||    17
 Fire: Hunting sling     |    84 |    93 |   120 ||   297
Throw: Stone             |       |     2 |       ||     2
  Use: Scroll            |       |     7 |       ||     7
  Eat: Chunk             |       |     4 |     5 ||     9
Armor: Leather armour    |     2 |    22 |     6 ||    30
Dodge: Dodged            |    15 |    89 |    79 ||   183
